 Dungeon Crawl Stone Soup version 0.29-a0-791-ga0f254aafb (webtiles) character file.

Game seed: 4249029953948278238

99031 Gargoyl the Severer (level 16, -1/106 HPs)
             Began as a Gargoyle Berserker on July 3, 2022.
             Was a Priest of Trog.
             Slain by a redback (7 damage)
             ... on level 4 of the Lair of Beasts.
             The game lasted 00:45:02 (31718 turns).

Gargoyl the Severer (Gargoyle Berserker)           Turns: 31718, Time: 00:45:03

Health: -1/106     AC: 37    Str: 22    XL:     16   Next: 24%
Magic:  14/14      EV: 14    Int:  9    God:    Trog [***...]
Gold:   1665       SH:  5    Dex: 18    Spells: 15/15 levels left

rFire   + . .      SeeInvis .   R - +9 sword of Zonguldrok {reap}
rCold   . . .      Faith    .   I - +0 buckler
rNeg    + . .      Spirit   .   a - +1 plate armour "Ykhliharph" {rF+ Stlth+}
rPois   ∞          Reflect  .   (helmet restricted)
rElec   +          Harm     .   g - scarf {repulsion}
rCorr   .          Rampage  .   S - +0 pair of fencer's gloves {Riposte Dex+3}
Will    +++..      Rage     3%  t - +0 pair of boots
Stlth   ..........              y - amulet of regeneration
HPRegen 2.07/turn               f - +4 ring of evasion
MPRegen 0.14/turn               k - +4 ring of protection

@: about to teleport, strong-willed, on berserk cooldown, flying, regenerating,
repel missiles
A: sickness immunity, AC +12, big wings, negative energy resistance 1,
electricity resistance, torment resistance 1, petrification resistance, antennae
1, hooves 1, iridescent scales 1, berserk 1, low MP 1, subdued magic 1, noise
suppression
a: Renounce Religion, Berserk, Trog's Hand


You were on level 4 of the Lair of Beasts.
You worshipped Trog.
Trog was most pleased with you.
You visited 4 branches of the dungeon, and saw 24 of its levels.

You collected 3037 gold pieces.
You spent 1372 gold pieces at shops.

Inventory:

Hand Weapons
 h - a +0 spear
 l - a +2 great sword of holy wrath
 w - a +5 battleaxe of freezing
 R - the +9 sword of Zonguldrok (weapon) {reap}
   (You found it on level 6 of the Lair of Beasts)

   Any living foe damaged by it may be reanimated upon death as a zombie
   friendly to the wielder, with an increasing chance as more damage is dealt.
 Y - a +4 war axe of flaming
Missiles
 n - 29 poisoned darts (quivered)
 p - 5 throwing nets
Armour
 a - the +1 plate armour "Ykhliharph" (worn) {rF+ Stlth+}
   (You bought it in a shop on level 2 of the Orcish Mines)

   rF:        It protects you from fire.
   Stlth:     It makes you more stealthy.
 g - a scarf of repulsion (worn)
 m - a +2 pair of gloves
 t - a +0 pair of boots (worn)
 I - a +0 buckler (worn)
 N - a +0 helmet
 S - the +0 pair of fencer's gloves (worn) {Riposte Dex+3}
   (You acquired it on level 6 of the Lair of Beasts)

   It allows the wearer to riposte with melee weapons, swiftly retaliating
   against missed or blocked melee attacks.
   Dex:       It affects your dexterity (+3).
Jewellery
 f - a +4 ring of evasion (left hand)
 k - a +4 ring of protection (right hand)
 r - a ring of ice
 v - a ring of resist corrosion
 y - an amulet of regeneration (around neck)
 z - a ring of positive energy
 F - a ring of magical power
 K - an amulet of faith
 P - a ring of positive energy
 Q - a +6 ring of dexterity
 U - a +4 ring of evasion
Wands
 b - a wand of flame (65)
 c - a wand of polymorph (2)
 x - a wand of paralysis (32)
 D - a wand of digging (8)
 W - a wand of roots (5)
Scrolls
 j - 6 scrolls of magic mapping
 o - 13 scrolls of identify
 s - 3 scrolls of teleportation
 B - 5 scrolls of fog
 H - 3 scrolls of enchant armour
 J - a scroll of poison
Potions
 d - a potion of curing
 e - 4 potions of flight
 i - 2 potions of magic
 q - 3 potions of haste
 u - a potion of ambrosia
 A - a potion of mutation
 C - a potion of cancellation
 E - 3 potions of invisibility
 G - 3 potions of berserk rage
 O - 2 potions of might


   Skills:
 + Level 14.2 Fighting
 + Level 11.5 Long Blades
 + Level 15.8(15.9) Axes
 + Level 2.1(11.4) Maces & Flails
 + Level 1.1 Throwing
 + Level 11.8 Armour
 + Level 7.8 Dodging
 + Level 5.9 Stealth
 + Level 2.9 Shields
 + Level 1.0 Unarmed Combat
 + Level 0.5 Evocations


You had 15 spell levels left.
You didn't know any spells.
Your spell library was empty.

Dungeon Overview and Level Annotations

Branches:
Dungeon (15/15)            Temple (0/1) D:6            Lair (6/6) D:8
 Shoals (0/4) Lair:2       Spider (1/4) Lair:4        Slime (0/5) Lair:6
    Orc (2/2) D:11            Elf (0/3) Orc:2        Vaults (0/5) D:14
 Depths (0/4) D:15

Altars:
Dithmenos
Gozag
Hepliaklqana
Qazlal
Ru
Sif Muna
Trog
Uskayaw
Vehumet
Wu Jian
Jiyva

Shops:
Orc:1 :   Orc:2 (*(=[


Innate Abilities, Weirdness & Mutations

You are immune to sickness and miasma.
Your stone body is resilient. (AC +12)
You are immune to poison.
Your large and strong wings let you fly.
You resist negative energy. (rN+)
You are resistant to electric shocks. (rElec)
You are resistant to unholy torment.
You are immune to petrification.
You have a pair of small antennae on your head.
You have large cloven feet.
You are partially covered in iridescent scales. (AC +2)
You sometimes lose your temper in combat.
Your magical capacity is low. (-10% MP)
Your spells are a little easier to cast, but a little less powerful.
You passively dampen the noise of your surroundings.


Message History

The redback completely misses you.
The jumping spider leaps!
The spark wasp stings you but does no damage.
You fly upwards.
Welcome back to the Lair of Beasts!
There is a hole to the Spider Nest here.
Unknown command.
Unknown command.
Your skin crawls.
You feel strong-willed.
The redback bites you but does no damage.
The pharaoh ant bites you!
The redback bites you but does no damage.
You block the spark wasp's attack. The pharaoh ant completely misses you.
You riposte.
You slash the pharaoh ant!
You destroy the pharaoh ant!
Trog accepts your kill.
The pharaoh ant binds the souls of nearby monsters.
The redback bites you but does no damage.
You block the redback's attack. The spark wasp completely misses you.
As you read the scroll of teleportation, it crumbles to dust.
You feel strangely unstable.
You feel yourself speed up.
The redback bites you but does no damage.
You block the redback's attack.
You riposte.
You hit the redback.
The redback is lightly wounded.
The spark wasp stings you!!
* * * LOW HITPOINT WARNING * * *
The spark wasp shocks you. You resist.
* * * LOW HITPOINT WARNING * * *
The redback bites you.
* * * LOW HITPOINT WARNING * * *
The redback bites you but does no damage.
The spark wasp stings you but does no damage.
You feel better. The redback bites you!
* * * LOW HITPOINT WARNING * * *
The redback closely misses you. The spark wasp stings you!
* * * LOW HITPOINT WARNING * * *
The spark wasp shocks you. You resist.
* * * LOW HITPOINT WARNING * * *
The redback bites you!
You die...

#.#...#. ###########
####...# ###.#.#.#..P##
##... ##............#
##.. #.............# ##.
#.?###....#..## ###..
##..#.#.#.#...# ###....
#..##ys......# #P.....
##.....@.....P# ###.....
#P.....s.##†.## #...##.#
##.##.#.#.##..###..#####
#.##.#..##....#..##
##..##...#....#.###
#..............##
#P.......P.....#
##....#.##...###
#.....#.#..##


You could see a spark wasp (soul bound) and 2 redbacks.

Vanquished Creatures
  Rupert (Lair:2)
  Kirke (D:15)
  An entropy weaver (Lair:4)
  A dire elephant (D:15)
  A spark wasp (Lair:4)
  The ghost of Konu the Blocker, a journeyman TeCj of Vehumet (Lair:4)
  An ettin (D:14)
  7 hydras
  An ogre mage (D:10)
  An ice dragon (D:15)
  2 death knights
  A catoblepas (D:14)
  5 centaur warriors
  5 two-headed ogres
  A tengu warrior (D:14)
  2 orc high priests (Orc:2)
  A skeletal warrior (D:15)
  Amaemon (Lair:3)
  A pharaoh ant (Lair:4)
  A lindwurm (Lair:6)
  7 orc knights
  25 ugly things
  2 deep elf pyromancers (Orc:1)
  4 orc sorcerers
  2 wolf spiders
  An oklob plant (Lair:6)
  3 manticores
  4 cyclopes
  A salamander (D:15)
  Maurice (D:8)
  11 elephants
  4 black mambas
  A torpor snail (Lair:6)
  2 molten gargoyles (Lair:6)
  An orange demon (Lair:3)
  A gargoyle (D:14)
  11 cane toads
  2 rime drakes
  An unseen horror (D:11)
  Psyche (D:11)
  11 komodo dragons
  A kobold demonologist (D:13)
  2 rime drakes (shapeshifter)
  A demonic crawler (Lair:4)
  An efreet (D:13)
  A tengu conjurer (D:14)
  7 trolls
  3 polar bears
  A hornet (D:10)
  Prince Ribbit (Lair:1)
  13 blink frogs
  6 dream sheep
  A centaur simulacrum (D:15)
  2 jumping spiders (Lair:4)
  3 wraiths
  3 basilisks
  3 hogs (D:15)
  A vampire (D:10)
  39 yaks
  A shadow (D:10)
  6 wyverns
  3 steam dragons
  3 redbacks (Lair:4)
  8 vampire mosquitoes
  A warg (Orc:2)
  3 hell hounds (Lair:6)
  An acid dragon (D:9)
  15 water moccasins
  A swamp drake (Orc:1)
  17 orc warriors
  A sky beast (D:8)
  2 ice beasts (D:6)
  14 wolves
  3 black bears
  11 centaurs
  12 ogres
  A phantom (D:5)
  3 kobold brigands
  3 gnoll sergeants
  11 bullfrogs
  5 scorpions (Lair:4)
  A necrophage (D:4)
  16 wights
  14 killer bees
  5 howler monkeys
  3 electric eels
  A crimson imp (Orc:1)
  2 lava snakes (Lair:6)
  A jelly (D:6)
  2 boudas
  6 hounds
  8 orc priests
  An iron imp (Orc:1)
  4 iguanas
  41 orc wizards
  5 hell rats (Lair:6)
  31 gnolls
  11 adders
  2 shadow imps
  2 white imps
  An ufetubus (D:6)
  A worm (Lair:4)
  6 dart slugs
  64 orcs
  8 endoplasms
  A giant cockroach (Lair:4)
  4 goblins
  5 hobgoblins
  6 quokkas
  5 ball pythons
  5 bats
  4 frilled lizards
  16 kobolds
  3 rats (D:2)
631 creatures vanquished.

Vanquished Creatures (collateral kills)
  A fire dragon (Lair:6)
  A boulder beetle (D:15)
  An orc high priest (Orc:2)
  2 skeletal warriors (D:15)
  Lodul (D:12)
  A wizard (D:14)
  A phantasmal warrior (D:14)
  8 ugly things
  A cyclops (D:12)
  An orc sorcerer (Orc:2)
  A molten gargoyle (Lair:6)
  2 black mambas (Lair:6)
  An eye of devastation (shapeshifter) (D:14)
  A kobold demonologist (D:14)
  2 trolls
  A jumping spider (Lair:4)
  6 yaks
  3 hogs (D:15)
  A basilisk (Lair:6)
  A vampire mosquito (D:13)
  A warg (D:15)
  2 hell hounds (Lair:6)
  4 orc warriors
  3 ogres (D:12)
  3 lava snakes (Lair:6)
  3 orc priests (Orc:2)
  2 orc wizards (D:12)
  11 orcs
66 creatures vanquished.

Vanquished Creatures (others)
  12 ugly thing zombies
  A two-headed ogre zombie (D:11)
  A manticore zombie (D:15)
  A lindwurm zombie (Lair:6)
  5 vampire mosquito zombies
  4 hog zombies (D:15)
  2 rime drake zombies
  A salamander zombie (D:15)
  A komodo dragon zombie (Lair:6)
  2 hell hound zombies (Lair:6)
  2 cyclops zombies
  2 human zombies
  A warg zombie (Orc:2)
  2 troll zombies
  A yak zombie (D:11)
  A polar bear zombie (Lair:6)
  A tengu zombie (D:14)
  2 centaur zombies (D:14)
  A basilisk zombie (Lair:6)
  An orc wizard (Orc:2)
  6 ogre zombies
  A steam dragon zombie (Lair:6)
  A swamp drake zombie (Orc:1)
  3 gnoll zombies (D:11)
  44 orc zombies
  23 fungi
  32 plants
154 creatures vanquished.

Grand Total: 851 creatures vanquished

Notes
Turn   | Place    | Note
-------+----------+-------------------------------------------
     0 | D:1      | Gargoyl the Gargoyle Berserker began the quest for the Orb.
     0 | D:1      | Reached XP level 1. HP: 14/14 MP: 1/1
   211 | D:1      | Reached XP level 2. HP: 15/19 MP: 2/2
   550 | D:1      | Reached skill level 3 in Axes
   677 | D:1      | Reached XP level 3. HP: 22/24 MP: 3/3
  1354 | D:2      | Reached ** piety under Trog
  1603 | D:2      | Reached skill level 1 in Stealth
  1603 | D:2      | Reached XP level 4. HP: 28/29 MP: 4/4
  2723 | D:3      | Reached XP level 5. HP: 33/33 MP: 5/5
  2887 | D:3      | Reached skill level 4 in Axes
  2954 | D:3      | Reached XP level 6. HP: 38/38 MP: 6/6
  3138 | D:3      | Found a bloodstained altar of Trog.
  3138 | D:3      | Found an opulent altar of Gozag.
  3489 | D:4      | Found a shadowy altar of Dithmenos.
  3630 | D:4      | Reached skill level 5 in Axes
  3911 | D:5      | Entered Level 5 of the Dungeon
  3911 | D:5      | Noticed a +0 dagger
  3912 | D:5      | Noticed a +0 spear
  3913 | D:5      | Noticed a +0 spear
  3913 | D:5      | Noticed a +0 short sword
  3914 | D:5      | Noticed a +0 dagger
  3932 | D:5      | Reached XP level 7. HP: 44/44 MP: 7/7
  4421 | D:5      | Reached skill level 6 in Axes
  4731 | D:5      | Reached XP level 8. HP: 41/48 MP: 8/8
  4868 | D:5      | Noticed a +0 falchion
  4868 | D:5      | Noticed a +0 short sword
  4868 | D:5      | Noticed a +0 falchion
  4870 | D:5      | Found a hide-covered altar of Uskayaw.
  5193 | D:5      | Found a radiant altar of Vehumet.
  5193 | D:5      | Found a shimmering blue altar of Sif Muna.
  5350 | D:6      | Found a staircase to the Ecumenical Temple.
  5381 | D:6      | Reached skill level 5 in Fighting
  5883 | D:6      | Reached skill level 7 in Axes
  6632 | D:7      | Reached XP level 9. HP: 55/55 MP: 9/9
  6655 | D:7      | Reached skill level 5 in Armour
  6668 | D:7      | Reached skill level 8 in Axes
  7183 | D:7      | Found a stormy altar of Qazlal.
  7516 | D:7      | Identified the +1 scale mail "Tipeasat" {rN+}
  7539 | D:7      | You fall into a shaft and drop 3 floors!
  7539 | D:10     | Entered Level 10 of the Dungeon
  7568 | D:10     | Gained mutation: Armour fits poorly on your strangely
                  | shaped body. [potion of mutation]
  7568 | D:10     | Gained mutation: Your body sometimes deteriorates upon
                  | taking damage. [potion of mutation]
  7568 | D:10     | Gained mutation: You are partially covered in iridescent
                  | scales. (AC +2) [potion of mutation]
  7568 | D:10     | Gained mutation: Your mind is acute. (Int +4, Str/Dex -1)
                  | [potion of mutation]
  7628 | D:10     | Noticed a troll
  7632 | D:10     | Reached skill level 9 in Axes
  7936 | D:9      | Found a hazy altar of Hepliaklqana.
  7936 | D:9      | Found a sacrificial altar of Ru.
  8204 | D:10     | Noticed a white ugly thing
  8205 | D:10     | Noticed a brown ugly thing
  8207 | D:10     | Noticed a red ugly thing
  8224 | D:10     | Killed a white ugly thing
  8225 | D:10     | Reached XP level 10. HP: 46/63 MP: 10/10
  8911 | D:9      | Noticed a two-headed ogre
  8924 | D:9      | Killed a two-headed ogre
  8925 | D:9      | Reached skill level 10 in Axes
  9321 | D:8      | Reached skill level 5 in Stealth
  9536 | D:8      | Noticed Maurice
  9603 | D:8      | Killed Maurice
  9717 | D:8      | Reached XP level 11. HP: 42/69 MP: 11/11
  9992 | D:8      | Found a staircase to the Lair.
 10031 | D:8      | Reached skill level 1 in Unarmed Combat
 10086 | D:8      | Reached skill level 5 in Dodging
 10846 | D:9      | Reached skill level 11 in Axes
 11679 | D:9      | Reached *** piety under Trog
 12037 | D:9      | Found an ornate altar of the Wu Jian Council.
 12558 | D:10     | Noticed an orc knight
 12807 | D:10     | Killed an orc knight
 12808 | D:10     | Reached skill level 12 in Axes
 12893 | D:10     | Noticed an ogre mage
 12906 | D:10     | Killed an ogre mage
 13119 | D:10     | Killed a purple ugly thing
 13120 | D:10     | Reached XP level 12. HP: 76/77 MP: 12/12
 13558 | Lair:1   | Entered Level 1 of the Lair of Beasts
 13771 | Lair:1   | Noticed Prince Ribbit
 13781 | Lair:1   | Killed Prince Ribbit
 14260 | Lair:1   | You fall into a shaft and drop 1 floor!
 14298 | Lair:2   | Reached skill level 10 in Fighting
 14320 | Lair:2   | Reached skill level 13 in Axes
 14531 | Lair:2   | Found a staircase to the Shoals.
 14532 | Lair:2   | Noticed a six-headed hydra
 15983 | Lair:2   | Killed a six-headed hydra
 16451 | Lair:3   | Noticed Amaemon
 16457 | Lair:3   | Killed Amaemon
 16459 | Lair:3   | Noticed Rupert
 16528 | Lair:2   | Killed Rupert
 16529 | Lair:2   | Reached skill level 14 in Axes
 16529 | Lair:2   | Reached XP level 13. HP: 18/84 MP: 13/13
 17555 | Lair:4   | Found a runed translucent gate.
 17555 | Lair:4   | Found a runed translucent gate.
 17557 | Lair:4   | Found a runed translucent gate.
 17560 | Lair:4   | Noticed Konu's ghost (journeyman TeCj)
 17580 | Lair:4   | Found a hole to the Spider Nest.
 17811 | Lair:4   | Reached skill level 10 in Armour
 17818 | Lair:4   | Reached **** piety under Trog
 18201 | Lair:4   | Reached skill level 15 in Axes
 18644 | Lair:4   | Killed Konu's ghost
 19331 | Lair:5   | Reached skill level 1 in Throwing
 19746 | Lair:6   | Entered Level 6 of the Lair of Beasts
 19977 | Lair:6   | Found a staircase to the Slime Pits.
 19979 | Lair:6   | Found a viscous altar of Jiyva.
 20082 | Lair:6   | Gained mutation: Your large and strong wings let you fly.
                  | [Gargoyle growth]
 20082 | Lair:6   | Reached XP level 14. HP: 92/92 MP: 14/14
 20198 | Lair:6   | Found the +9 sword of Zonguldrok {reap}
 20211 | Lair:6   | Reached skill level 1 in Maces & Flails
 20693 | Lair:6   | Reached skill level 1 in Long Blades
 21028 | Lair:6   | Found a large runed translucent door.
 21029 | Lair:6   | Found a large runed translucent door.
 21576 | Lair:6   | Identified a scroll of acquirement
 21576 | Lair:6   | Acquired the +0 pair of fencer's gloves {Riposte Dex+3}
 21576 | Lair:6   | Found the +0 pair of fencer's gloves {Riposte Dex+3}
 22572 | D:11     | Found a staircase to the Orcish Mines.
 22846 | D:11     | Noticed Psyche
 22866 | D:11     | Killed Psyche
 22892 | D:11     | Your ally Psyche died
 23127 | D:12     | Reached skill level 5 in Long Blades
 23139 | D:12     | Noticed Lodul
 23156 | D:12     | Killed Lodul
 25325 | D:14     | Reached XP level 15. HP: 87/97 MP: 15/15
 25506 | D:14     | Lost mutation: Your mind is acute. (Int +4, Str/Dex -1)
                  | [potion of mutation]
 25506 | D:14     | Lost mutation: Your body sometimes deteriorates upon taking
                  | damage. [potion of mutation]
 25506 | D:14     | Gained mutation: You are dopey. (Int -2) [potion of
                  | mutation]
 25506 | D:14     | Gained mutation: You sometimes lose your temper in combat.
                  | [potion of mutation]
 25506 | D:14     | Gained mutation: You have large cloven feet. [potion of
                  | mutation]
 25522 | D:14     | Lost mutation: Armour fits poorly on your strangely shaped
                  | body. [potion of mutation]
 25522 | D:14     | Lost mutation: You are dopey. (Int -2) [potion of mutation]
 25522 | D:14     | Gained mutation: You have a pair of small antennae on your
                  | head. [potion of mutation]
 25522 | D:14     | Gained mutation: Your spells are a little easier to cast,
                  | but a little less powerful. [potion of mutation]
 25522 | D:14     | Gained mutation: Your magical capacity is low. (-10% MP)
                  | [potion of mutation]
 25522 | D:14     | Gained mutation: You passively dampen the noise of your
                  | surroundings. [potion of mutation]
 26512 | D:14     | Found a gate to the Vaults.
 26606 | D:15     | Entered Level 15 of the Dungeon
 27123 | D:15     | Reached skill level 1 in Shields
 27189 | D:15     | Noticed Kirke
 27325 | D:15     | Killed Kirke
 27773 | D:15     | Reached skill level 10 in Long Blades
 28601 | D:15     | Found a staircase to the Depths.
 28795 | D:15     | Identified the +5 scimitar "Eqihywn" {speed, Dex+7}
 28993 | Orc:1    | Entered Level 1 of the Orcish Mines
 28993 | Orc:1    | Found Fiqolue's Book Boutique.
 29115 | Orc:2    | Entered Level 2 of the Orcish Mines
 29500 | Orc:2    | Found a staircase to the Elven Halls.
 29810 | Orc:2    | Found Jetz's Antique Armour Shoppe.
 29813 | Orc:2    | Bought a faintly glowing plate armour for 952 gold pieces
 29813 | Orc:2    | Identified the +1 plate armour "Ykhliharph" {rF+ Stlth+}
                  | (You bought it in a shop on level 2 of the Orcish Mines)
 30145 | Orc:2    | Reached XP level 16. HP: 106/106 MP: 14/14
 31372 | Orc:2    | Found Vynwebba's Weapon Boutique.
 31372 | Orc:2    | Found Buywuakk's Jewellery Emporium.
 31374 | Orc:2    | Found Korghuq's General Store.
 31374 | Orc:2    | Found Imemmur's Weapon Emporium.
 31386 | Orc:2    | Bought an amulet of regeneration for 420 gold pieces
 31645 | Spider:1 | Entered Level 1 of the Spider Nest
 31718 | Lair:4   | Slain by a redback

Illustrated notes

Levels and vault maps discovered:
D:1:      dpeg_arrival_leaves_temple_mockup, layout_loops_ring, minmay_cut_off
D:2:      layout_loops_ring, chequers_big_river, serial_bayou_crossing
D:3:      layout_basic, nicolae_overflow_two_pavilions, serial_corexii_hall,
          corexii_hall_statues_x, corexii_hall_statues_u, kennysheep_flooded_box
D:4:      layout_basic, nicolae_dithmenos_the_darkroom
D:5:      layout_basic, nicolae_uskayaw_en_pointe,
          gammafunk_temple_overflow_wave
D:6:      layout_basic, minmay_temple_entry_large_hall
D:7:      layout_loops_ring, kennysheep_little_box
D:8:      minmay_flawed_box, layout_layer_cave, erik_lair_island,
          grunt_ministairs_8, st_stairs_1, uniq_maurice
D:9:      minmay_razor_zed, layout_loops_ring,
          nicolae_wu_jian_immortal_techniques, nicolae_overflow_hidden_temple
D:10:     nzn_winding_woodlands_small [nzn_winding_woodlands_5x15_concentric,
          nzn_winding_woodlands_center_triple_pond,
          nzn_winding_woodlands_5x15_split_checker], layout_basic
D:11:     layout_roguey, david_orc_2, uniq_psyche
D:12:     layout_roguey, uniq_lodul
D:13:     layout_cave_pools, grunt_ministairs_12
D:14:     layout_loops_corners, david_vaults_4, serial_park_square1
          [serial_park_minivault_5x5_1]
D:15:     hangedman_depths_entry_try_elsewhere_first, layout_basic,
          reono_crystal_passage, portal_ice_cave_entry_dragon, uniq_kirke
Lair:1:   layout_loops_ring, infiniplex_staircase_pool, serial_bayou_shore_a,
          uniq_prince_ribbit2
Lair:2:   layout_chaotic_city, minmay_shoals_entry_centaurs, st_stairs_7,
          nicolae_quartered_pool_medium
Lair:3:   layout_misc_corridors, uniq_amaemon, uniq_rupert
Lair:4:   layout_cave_pods, nicolae_spider_entry_non_spiders,
          gammafunk_ghost_split, infiniplex_staircase_pool_2, grunt_megastairs_5
Lair:5:   layout_cave_pods
Lair:6:   cheibrodos_lair_end_hotspot, layout_regular_city, slime_entry_1,
          patterned_corridor
Spider:1: layout_spider_delve, nicolae_spider_wall_of_niches
Orc:1:    layout_caves, serial_shops, shop, hangedman_minor_magic
Orc:2:    grunt_orc_tribal_feast, layout_diamond_mine, serial_shops, shop

Skill      XL: |  1  2  3  4  5  6  7  8  9 10 11 12 13 14 15 16 |
---------------+-------------------------------------------------+-----
Dodging        | 2 3 4 5 6 7 |  7.8
Axes           | 3 4 5 6 7 9 10 12 14 15 | 15.8
Stealth        | 1 2 3 5 |  5.9
Fighting       | 4 5 7 8 9 11 12 14 | 14.2
Armour         | 3 4 6 7 8 9 10 11 | 11.8
Unarmed Combat | 1 |  1.0
Throwing       | 1 |  1.1
Maces & Flails | 2 |  2.1
Long Blades    | 7 10 11 | 11.5
Shields        | 2 |  2.9
Evocations     | |  0.5

Action                   |  1- 3 |  4- 6 |  7- 9 | 10-12 | 13-15 | 16-18 || total
-------------------------+-------+-------+-------+-------+-------+-------++-------
Melee: Hand axe          |   111 |   157 |   471 |   392 |       |       ||  1131
       Punch             |       |     2 |     9 |     6 |     6 |       ||    23
       Unarmed           |       |       |       |    23 |       |       ||    23
       Battleaxe         |       |       |       |   303 |   205 |       ||   508
       Dire flail        |       |       |       |    14 |    21 |       ||    35
       Double sword      |       |       |       |       |   653 |    89 ||   742
       Scimitar          |       |       |       |       |    18 |       ||    18
Throw: Dart              |       |       |     6 |     4 |     1 |       ||    11
Invok: Berserk           |       |     5 |     8 |    16 |    10 |     1 ||    40
       Trog's Hand       |       |     4 |    13 |    19 |    27 |     7 ||    70
       Brothers in Arms  |       |       |       |       |     3 |     2 ||     5
Evoke: Wand              |       |       |       |     3 |     3 |       ||     6
  Use: Scroll            |     4 |    10 |     7 |     7 |     7 |     3 ||    38
       Potion            |       |       |     3 |    11 |     9 |     4 ||    27
 Stab: Sleeping          |     1 |       |       |       |     7 |       ||     8
       Invisible         |       |       |       |     9 |     2 |       ||    11
       Distracted        |       |       |       |       |     5 |       ||     5
Armor: Animal skin       |    38 |    15 |       |       |       |       ||    53
       Chain mail        |       |    56 |   181 |       |       |       ||   237
       Scale mail        |       |       |    68 |   426 |   650 |       ||  1144
       Skin              |       |       |       |     6 |       |       ||     6
       Plate armour      |       |       |       |       |    25 |   120 ||   145
Dodge: Dodged            |   111 |   131 |   363 |   687 |   939 |   131 ||  2362
       Repelled          |       |     4 |     1 |     8 |    14 |     1 ||    28
Block: Buckler           |       |       |       |       |    62 |    52 ||   114
       Rpst.: Double sword |       |       |       |       |   131 |    47 ||   178
       Scimitar          |       |       |       |       |     2 |       ||     2

Table legend: (Time is in decaauts)
 A = Elapsed time spent in this place.
 B = Non-inter-level travel time spent in this place.
 C = Inter-level travel time spent in this place.
 D = Time resting spent in this place.
 E = Time spent auto-exploring this place.
 F = Levels seen in this place.
 G = Mean time per level.
                   A        B        C        D        E       F      G
               +--------+--------+--------+--------+--------+-----+--------+
         Total |  32291 |  30703 |   1588 |   3798 |  20274 |  24 | 1345.5 |
       Dungeon |  21170 |  20133 |   1037 |   1773 |  13848 |  15 | 1411.3 |
          Lair |   8634 |   8158 |    476 |   1214 |   5468 |   6 | 1439.0 |
   Spider Nest |      8 |      8 |      0 |      0 |      0 |   1 |    8.0 |
  Orcish Mines |   2477 |   2402 |     75 |    810 |    957 |   2 | 1238.5 |
               +--------+--------+--------+--------+--------+-----+--------+

Top non-repeatable levels by time:
     D:9: 2799 daAuts
    D:14: 2248 daAuts
  Lair:6: 2168 daAuts
  Lair:2: 1891 daAuts
     D:8: 1880 daAuts
    D:15: 1847 daAuts
   Orc:2: 1448 daAuts
    D:10: 1441 daAuts
  Lair:4: 1435 daAuts
     D:6: 1413 daAuts
     D:5: 1368 daAuts
     D:2: 1343 daAuts
  Lair:1: 1306 daAuts
     D:7: 1118 daAuts
    D:12: 1102 daAuts
